 Dungeon Crawl Stone Soup version 0.30.1-4-g462c640d31 (webtiles) character file.

Game seed: 94077832405098521

16667 MrPagan1517 the Impaler (level 12, -2/106 HPs)
             Began as a Minotaur Fighter on Aug 28, 2023.
             Was an Elder of the Shining One.
             Slain by a boulder beetle (16 damage)
             ... on level 10 of the Dungeon.
             The game lasted 00:32:38 (8559 turns).

MrPagan1517 the Impaler (Minotaur Fighter)          Turns: 8559, Time: 00:32:38

Health: -2/106     AC: 13    Str: 25    XL:     12   Next: 12%
Magic:  11/11      EV: 13    Int:  5    God:    the Shining One [****..]
Gold:   469        SH:  5    Dex: 21    Spells: 11/11 levels left

rFire   + + .        y - +2 halberd (spect)
rCold   + . .        (shield currently unavailable)
rNeg    + + .        b - +2 scale mail
rPois   +            (helmet restricted)
rElec   +            d - +0 cloak
rCorr   +            (no gloves)
SInv    .            h - +0 pair of boots
Will    .....        r - amulet "Japho" {Reflect Dex+4 SH+5} Stlth
                     k - +6 ring of dexterity
HPRegen 0.37/turn    u - ring of protection from fire
MPRegen 0.12/turn

%: reflection
@: about to teleport, resistant, hasted, glowing, very quick
A: horns 2, retaliatory headbutt
a: Renounce Religion, Divine Shield, Cleansing Flame


You were on level 10 of the Dungeon.
You worshipped the Shining One.
The Shining One was greatly pleased with you.
You visited 2 branches of the dungeon, and saw 11 of its levels.

You collected 469 gold pieces.

Inventory:

Hand Weapons
 a - a +3 trident
 w - a +0 morningstar of flaming
 y - a +2 spectral halberd (weapon)
Missiles
 s - 3 throwing nets (quivered)
Armour
 b - a +2 scale mail (worn)
 c - a +0 buckler
 d - a +0 cloak (worn)
 h - a +0 pair of boots (worn)
 o - an orb of energy
 A - +0 steam dragon scales
Jewellery
 k - a +6 ring of dexterity (left hand)
 r - the amulet "Japho" (around neck) {Reflect Dex+4 SH+5}
   (You acquired it on level 4 of the Dungeon)

   [amulet of reflection]

   It reflects blocked missile attacks.
   Dex:       It affects your dexterity (+4).
   SH:        It affects your SH (+5).
 u - a ring of protection from fire (right hand)
 v - an amulet of regeneration
Wands
 x - a wand of mindburst (13)
 D - a wand of iceblast (16)
 F - a wand of acid (15)
Scrolls
 j - 7 scrolls of teleportation
 n - 2 scrolls of fog
 q - a scroll of butterflies
 z - a scroll of fear
 C - 3 scrolls of identify
Potions
 e - a potion of haste
 f - 3 potions of berserk rage
 i - 2 potions of lignification
 l - a potion of resistance
 m - 2 potions of curing
 p - 3 potions of ambrosia
 t - 2 potions of invisibility
 E - a potion of brilliance
 G - a potion of flight {unknown}


   Skills:
 + Level 9.7 Fighting
 * Level 18.3 Polearms
 + Level 9.6 Armour
 + Level 4.8 Dodging
 + Level 6.7 Shields


You had 11 spell levels left.
You didn't know any spells.
Your spell library contained the following spells:

 Spells                   Type           Power      Damage    Failure   Level
 Summon Small Mammal      Summ           0%         N/A       73%         1
 Sublimation of Blood     Necr           0%         N/A       86%         2
 Call Canine Familiar     Summ           0%         N/A       97%         3
 Stone Arrow              Conj/Erth      0%         3d7       97%         3
 Summon Guardian Golem    Hex/Summ       0%         N/A       97%         3
 Animate Armour           Summ/Erth      0%         N/A       100%        4
 Petrify                  Tmut/Erth      0%         N/A       100%        4
 Irradiate                Conj/Tmut      0%         3d11      100%        5
 Lehudib's Crystal Spear  Conj/Erth      0%         10d2      100%        8


Dungeon Overview and Level Annotations

Branches:
Dungeon (10/15)            Temple (1/1) D:6            Lair (0/5) D:10
    Orc: D:9-12

Altars:
Ashenzari
Cheibriados
Dithmenos
Elyvilon
Fedhas
Gozag
Hepliaklqana
Kikubaaqudgha
Makhleb
Nemelex Xobeh
Okawaru
Qazlal
Ru
Sif Muna
Trog
Uskayaw
Vehumet
Wu Jian
Xom
Yredelemnul
Zin
The Shining One

Shops:
D:6 (   D:8 =


Innate Abilities, Weirdness & Mutations

You have a pair of horns on your head.
You reflexively headbutt those who attack you in melee.


Message History

The boulder beetle bites you but does no damage.
You slash the boulder beetle!
The boulder beetle is moderately wounded.
Your +2 spectral halberd hits the boulder beetle from afar.
You hit the boulder beetle but do no damage.
The boulder beetle is heavily wounded.
Your +2 spectral halberd hits the boulder beetle from afar!
The boulder beetle bites you!
* * * LOW HITPOINT WARNING * * *
As you read the scroll of teleportation, it crumbles to dust.
You feel strangely unstable.
Your +2 spectral halberd disappears.
You hit the boulder beetle but do no damage.
The boulder beetle is heavily wounded.
Your +2 spectral halberd hits the boulder beetle but does no damage.
The boulder beetle closely misses you.
You hit the boulder beetle but do no damage.
The boulder beetle is heavily wounded.
Your +2 spectral halberd hits the boulder beetle but does no damage.
You puncture the boulder beetle! You headbutt the boulder beetle!
The boulder beetle is severely wounded.
Your +2 spectral halberd hits the boulder beetle from afar.
A troll comes into view.
The boulder beetle barely misses you.
You hit the boulder beetle but do no damage.
The boulder beetle is severely wounded.
Your +2 spectral halberd hits the boulder beetle from afar!
You hit the boulder beetle but do no damage.
The boulder beetle is almost dead.
Your +2 spectral halberd hits the boulder beetle but does no damage.
The boulder beetle bites you!
* * * LOW HITPOINT WARNING * * *
You feel better.
Your +2 spectral halberd disappears.
You hit the boulder beetle.
The boulder beetle is almost dead.
Your +2 spectral halberd hits the boulder beetle but does no damage.
A deep elf pyromancer comes into view. It is wielding a +0 rapier.
The boulder beetle bites you!
You die...

. .# .♣ ..# ..♣
###+##.# ..
.......#####T####
.....##(@BD...#
....#..#####e.#
########+##..#.##
.#.......>#..#.#
.#........#....#
.#........'..#.#
#
.#........#..#.#
.#
.###+###..##.#..
###.
.......#...#.##..
...


You could see a boulder beetle, a deep elf pyromancer, a troll, an acid dragon
and a friendly +2 spectral halberd.

Vanquished Creatures
  Gastronok (D:8)
  A centaur warrior (D:10)
  A tengu warrior (D:10)
  5 two-headed ogres
  3 death yaks (D:10)
  A manticore (D:10)
  A cyclops (D:8)
  The ghost of wingedge the Shooter, a novice DgWn (D:4)
  Maggie (D:6)
  An unseen horror (D:10)
  A troll (D:10)
  A hornet (D:10)
  The ghost of growler the Gusty, an amateur TeAE (D:4)
  A vampire (D:9)
  2 wyverns (D:9)
  3 wraiths
  16 yaks
  2 steam dragons
  Menkaure (D:6)
  3 water moccasins
  A black bear (D:6)
  2 orc warriors
  2 ogres
  A phantom (D:6)
  A centaur (D:8)
  6 kobold brigands
  6 bullfrogs
  4 scorpions
  10 wights
  12 killer bees (D:9)
  4 howler monkeys
  2 quasits (D:8)
  2 hounds
  2 gnoll boudas
  An orc priest (D:7)
  A sleepcap (D:4)
  Terence (D:2)
  7 orc wizards
  3 iguanas
  A hell rat (D:10)
  A mummy (D:8)
  20 gnolls
  4 adders
  6 shadow imps
  3 white imps
  3 ufetubi
  3 worms
  3 dart slugs
  16 orcs
  12 ball pythons
  6 bats
  8 endoplasms
  5 giant cockroaches
  2 goblins (D:4)
  4 hobgoblins
  24 kobolds
  5 quokkas
  4 frilled lizards
  5 rats
250 creatures vanquished.

Notes
Turn   | Place    | Note
-------+----------+-------------------------------------------
     0 | D:1      | MrPagan1517 the Minotaur Fighter began the quest for the
                  | Orb.
     0 | D:1      | Reached XP level 1. HP: 19/19 MP: 0/0
   204 | D:1      | Reached XP level 2. HP: 27/27 MP: 1/1
   387 | D:1      | Found a faded altar of an unknown god.
  1006 | D:2      | Noticed Terence
  1017 | D:2      | Killed Terence
  1018 | D:2      | Reached skill level 3 in Polearms
  1018 | D:2      | Reached XP level 3. HP: 30/33 MP: 2/2
  1200 | D:2      | Reached XP level 4. HP: 40/40 MP: 3/3
  1348 | D:2      | Reached skill level 1 in Dodging
  1855 | D:3      | Found a glowing golden altar of the Shining One.
  1860 | D:3      | Found a white marble altar of Elyvilon.
  1861 | D:3      | Found a glowing silver altar of Zin.
  2050 | D:3      | Became a worshipper of the Shining One
  2087 | D:3      | Reached skill level 4 in Polearms
  2197 | D:3      | Found a stormy altar of Qazlal.
  2276 | D:3      | Reached XP level 5. HP: 38/47 MP: 4/4
  2764 | D:4      | Identified a scroll of acquirement
  2764 | D:4      | Acquired the amulet "Japho" {Reflect Dex+4 SH+5}
  2992 | D:4      | Found a runed translucent gate.
  2992 | D:4      | Found a runed translucent gate.
  2993 | D:4      | Found a runed translucent gate.
  2996 | D:4      | Noticed growler's ghost (amateur TeAE)
  2996 | D:4      | Noticed wingedge's ghost (novice DgWn)
  3010 | D:4      | Killed growler's ghost
  3011 | D:4      | Reached skill level 5 in Polearms
  3011 | D:4      | Reached skill level 5 in Armour
  3011 | D:4      | Reached XP level 6. HP: 43/53 MP: 5/5
  3016 | D:4      | Killed wingedge's ghost
  3017 | D:4      | Reached skill level 6 in Polearms
  3017 | D:4      | Reached skill level 5 in Shields
  3017 | D:4      | Reached XP level 7. HP: 43/60 MP: 6/6
  3099 | D:4      | Reached skill level 5 in Fighting
  3099 | D:4      | Reached skill level 7 in Polearms
  3790 | D:5      | Entered Level 5 of the Dungeon
  3872 | D:5      | Found a broken altar of Ashenzari.
  3976 | D:5      | Reached skill level 8 in Polearms
  4341 | D:6      | Reached XP level 8. HP: 68/68 MP: 7/7
  4483 | D:6      | Reached * piety under the Shining One
  4494 | D:6      | Reached skill level 9 in Polearms
  4609 | D:6      | Noticed Maggie
  4621 | D:6      | Killed Maggie
  4626 | D:6      | Reached skill level 10 in Polearms
  4772 | D:6      | Found Moofool's Weapon Boutique.
  4877 | D:6      | Found a staircase to the Ecumenical Temple.
  5163 | D:6      | Noticed Menkaure
  5168 | D:6      | Killed Menkaure
  5169 | D:6      | Reached skill level 11 in Polearms
  5169 | D:6      | Reached XP level 9. HP: 45/75 MP: 8/8
  5488 | Temple   | Entered the Ecumenical Temple
  5761 | D:7      | Found an ornate altar of the Wu Jian Council.
  6144 | D:7      | Reached skill level 12 in Polearms
  6203 | D:7      | Reached ** piety under the Shining One
  6369 | D:8      | Noticed Gastronok
  6380 | D:8      | Killed Gastronok
  6381 | D:8      | Reached skill level 13 in Polearms
  6381 | D:8      | Reached XP level 10. HP: 80/86 MP: 9/9
  6614 | D:8      | Found a sparkling altar of Nemelex Xobeh.
  6643 | D:8      | Reached skill level 14 in Polearms
  6733 | D:8      | Noticed a two-headed ogre
  6733 | D:8      | Reached *** piety under the Shining One
  6739 | D:8      | Killed a two-headed ogre
  6819 | D:8      | Found Tyisoil's Jewellery Shop.
  6872 | D:8      | Noticed a cyclops
  6875 | D:8      | Killed a cyclops
  6935 | D:8      | Found a snail-covered altar of Cheibriados.
  7001 | D:8      | Found a burning altar of Makhleb.
  7023 | D:8      | Found an opulent altar of Gozag.
  7257 | D:9      | Reached skill level 15 in Polearms
  7463 | D:9      | Reached skill level 16 in Polearms
  7635 | D:9      | Reached XP level 11. HP: 89/93 MP: 10/10
  7765 | D:9      | Found a shimmering blue altar of Sif Muna.
  7771 | D:9      | Found a bloodstained altar of Trog.
  7771 | D:9      | Found a basalt altar of Yredelemnul.
  8138 | D:10     | Entered Level 10 of the Dungeon
  8213 | D:10     | Noticed a death yak
  8213 | D:10     | Reached **** piety under the Shining One
  8214 | D:10     | Found a staircase to the Lair.
  8215 | D:10     | Noticed a death yak
  8215 | D:10     | Noticed a death yak
  8222 | D:10     | Killed a death yak
  8239 | D:10     | Killed a death yak
  8240 | D:10     | Reached skill level 17 in Polearms
  8245 | D:10     | Killed a death yak
  8402 | D:10     | Noticed a two-headed ogre
  8407 | D:10     | Killed a two-headed ogre
  8410 | D:10     | Noticed a two-headed ogre
  8418 | D:10     | Killed a two-headed ogre
  8513 | D:10     | Noticed a centaur warrior
  8513 | D:10     | Noticed a tengu warrior
  8519 | D:10     | Noticed a boulder beetle
  8530 | D:10     | Killed a tengu warrior
  8532 | D:10     | Noticed a two-headed ogre
  8534 | D:10     | Killed a centaur warrior
  8534 | D:10     | Noticed a two-headed ogre
  8535 | D:10     | Reached skill level 18 in Polearms
  8540 | D:10     | Killed a two-headed ogre
  8541 | D:10     | Reached XP level 12. HP: 34/105 MP: 11/11
  8545 | D:10     | Killed a two-headed ogre
  8557 | D:10     | HP: 3/106 [boulder beetle (13)]
  8559 | D:10     | Slain by a boulder beetle

Illustrated notes

Levels and vault maps discovered:
D:1:      tekkud_arrival_beachfront_property, layout_loops_corners,
          shapermc_ecumenical_altar_venn
D:2:      layout_loops_ring, uniq_terence
D:3:      layout_loops_ring, good_gods_mini_temple,
          nicolae_overflow_crystal_walls, minmay_three_crescents
D:4:      layout_layer_cave, gammafunk_ghost_cemetery,
          kennysheep_generic_room_10
D:5:      layout_rooms, mainiacjoe_overflow_alcove_1,
          hangedman_abyss_or_decor_passed
D:6:      layout_gridville, minmay_temple_entry_statues_pillars, serial_shops,
          shop, uniq_maggie, uniq_menkaure
D:7:      layout_gridville, mainiacjoe_overflow_boulevard
D:8:      minmay_skewed_foursquare, layout_rooms, slow_altar_2,
          grunt_gozag_statues, lemuel_tele_altar, general_overflow_altar,
          serial_demonic, serial_demonic_d, serial_demonic_e, serial_demonic_f,
          serial_demonic_f, serial_shops, nicolae_shop_statue_plus,
          uniq_gastronok
D:9:      layout_basic, minitemple, st_stairs_8
D:10:     minmay_the_grid_4x2 [minmay_the_grid_dragon_a, minmay_the_grid_mess,
          minmay_the_grid_aliased_spiral, minmay_the_grid_garden,
          minmay_the_grid_plusring, minmay_the_grid_doors,
          minmay_the_grid_large_cup, minmay_the_grid_prize_inner_circle],
          layout_grid_maze, dpeg_lair_monsters
Temple:   chequers_temple_sunken

Skill      XL: |  1  2  3  4  5  6  7  8  9 10 11 |
---------------+----------------------------------+-----
Shields        | 4 5 6 |  6.7
Fighting       | 4 5 6 7 9 |  9.7
Armour         | 4 5 6 7 8 9 |  9.6
Polearms       | 3 4 5 6 8 11 13 16 18 | 18.3
Dodging        | 1 2 3 4 |  4.8

Action                     |  1- 3 |  4- 6 |  7- 9 | 10-12 || total
---------------------------+-------+-------+-------+-------++-------
  Melee: Trident           |    75 |   131 |    60 |       ||   266
         Headbutt          |     9 |    19 |    26 |    38 ||    92
         Halberd           |       |       |   127 |   213 ||   340
    Use: Scroll            |       |    16 |     9 |     3 ||    28
         Potion            |       |     1 |       |    11 ||    12
 Armour: Scale mail        |    32 |    36 |    36 |    35 ||   139
  Dodge: Dodged            |    17 |    49 |    56 |    63 ||   185
  Block: Buckler           |     8 |    29 |    18 |       ||    55
         Reflection        |       |       |     1 |     3 ||     4
         Other             |       |       |    18 |    22 ||    40
